 Dungeon Sprint DCSS version 0.15-a0-672-g38fd0bf (webtiles) character file.

366 BluebellGnoll the Basher (level 6, 0/114 HPs)
             Began as an Ogre Berserker on May 8, 2014.
             Was an Elder of Trog.
             Slain by an eight-headed hydra (10 damage)
             ... in the Dungeon (Sprint IX: "|||||||||||||||||||||||||||||").
             The game lasted 00:04:13 (604 turns).

BluebellGnoll the Basher (Ogre Berserker)            Turns: 604, Time: 00:04:13

HP   0/114       AC  4     Str 30      XL: 6   Next: 68%
MP   6/6         EV 15     Int  6      God: Trog [****..]
Gold 0           SH  0     Dex 15      Spells:  0 memorised,  5 levels left

rFire  . . .     SeeInvis .     a - +0 mace
rCold  . . .     Clarity  .     b - +0 animal skin
rNeg   . . .     Conserve .     (shield restricted)
rPois  .         rCorr    .     (helmet restricted)
rElec  .         rRot     .     n - +0 cloak
SustAb . .       Spirit   .     (gloves unavailable)
rMut   .         Warding  .     (boots unavailable)
Saprov + . .     NoTele   +     (no amulet)
MR     .....                    o - +3 ring of dexterity
                                p - +3 ring of dexterity

@: berserking, very quick, not resistant to hostile enchantments, extremely
unstealthy
A: unfitting armour, fast metabolism 1, saprovore 1, tough skin 1
a: Burn Spellbooks, Berserk, Trog's Hand, Brothers in Arms, Renounce Religion


You were in the Dungeon.
You worshipped Trog.
Trog was greatly pleased with you.
You were not hungry.

You visited 1 branch

Inventory:

Hand weapons
 a - a +0,+0 mace (weapon)
 m - a +2,+2 dire flail of crushing
 q - a +2,+2 crossbow of frost
Armour
 b - a +0 animal skin (worn)
 n - a +0 cloak (worn)
Magical devices
 l - a wand of cold (7)
Comestibles
 c - 2 meat rations
Scrolls
 i - 2 scrolls of blinking
 k - 3 scrolls of remove curse
Jewellery
 o - a +3 ring of dexterity (right hand)
 p - a +3 ring of dexterity (left hand)
Potions
 d - 5 potions of curing
 e - 3 potions of heal wounds
 f - a potion of haste
 g - 4 potions of magic
 h - a potion of berserk rage
 j - a potion of invisibility


   Skills:
 - Level 9.4 Fighting
 + Level 10.1 Maces & Flails
 + Level 9.5 Dodging


You had 5 spell levels left.
You didn't know any spells.

Dungeon Overview and Level Annotations

Branches:
Dungeon (1/1)

Altars:
Cheibriados
Dithmenos
Elyvilon
Fedhas
Gozag
Kikubaaqudgha
Makhleb
Nemelex Xobeh
Okawaru
Qazlal
Sif Muna
Trog
Vehumet
Xom
Yredelemnul
Zin
The Shining One
Beogh
Jiyva
Lugonu


Innate Abilities, Weirdness & Mutations

You are too large for most types of armour.
You have a fast metabolism.
You can tolerate rotten meat.
You have tough skin (AC +1).


Message History

The eight-headed hydra is heavily wounded.
Unknown command.
You hit the eight-headed hydra.
The eight-headed hydra is severely wounded.
The eight-headed hydra barely misses you.
The eight-headed hydra bites you! The eight-headed hydra misses you.
The eight-headed hydra bites you but does no damage.
The eight-headed hydra bites you! x2
The eight-headed hydra closely misses you.
The eight-headed hydra bites you!
* * * LOW HITPOINT WARNING * * *
You sock the eight-headed hydra!
The eight-headed hydra is almost dead.
The eight-headed hydra bites you!
* * * LOW HITPOINT WARNING * * *
The eight-headed hydra bites you!
* * * LOW HITPOINT WARNING * * *
The eight-headed hydra completely misses you.
The eight-headed hydra bites you!
You die... ▓▓▓▓▓▓▓▓▓▓▓▓▓▓▓▓▓▓▓▓▓▓▓▓▓▓▓▓▓ +......hocQD@.%..[[.)|?.'____ ▓▓▓▓▓▓▓▓▓▓▓▓▓▓▓▓▓▓▓▓▓▓▓▓▓▓▓▓▓

You could see an eight-headed hydra, a tengu warrior, a centaur warrior, a hound and an orc.

Vanquished Creatures
  An ice beast (D)
  A phantom (D)
  A giant frog (D)
  A crimson imp (D)
  An adder (D)
  2 orcs (D)
  2 hobgoblins (D)
  A quokka (D)
  A bat (D)
  A goblin (D)
  4 rats (D)
16 creatures vanquished.

Vanquished Creatures (collateral kills)
  A hippogriff (D)
1 creature vanquished.

Vanquished Creatures (others)
  2 ogres (D)
2 creatures vanquished.

Grand Total: 19 creatures vanquished

Notes
Turn   | Place    | Note
--------------------------------------------------------------
     0 | D        | BluebellGnoll, the Ogre Berserker, began the quest for the Orb.
     0 | D        | Reached XP level 1. HP: 24/24 MP: 1/1
    15 | D        | Acquired Trog's second power
    22 | D        | Reached skill level 5 in Fighting
   117 | D        | Noticed an ice beast
   122 | D        | Reached skill level 5 in Maces & Flails
   126 | D        | Reached XP level 2. HP: 29/35 MP: 2/2
   129 | D        | Reached skill level 6 in Fighting
   132 | D        | Killed an ice beast
   132 | D        | Acquired Trog's third power
   132 | D        | Reached skill level 9 in Fighting
   132 | D        | Reached XP level 3. HP: 48/52 MP: 3/3
   132 | D        | Reached XP level 4. HP: 54/59 MP: 4/4
   139 | D        | Found a glowing silver altar of Zin.
   139 | D        | Found a glowing golden altar of the Shining One.
   139 | D        | Found an ancient bone altar of Kikubaaqudgha.
   139 | D        | Found a basalt altar of Yredelemnul.
   139 | D        | Found a shimmering altar of Xom.
   139 | D        | Found a radiant altar of Vehumet.
   139 | D        | Found an iron altar of Okawaru.
   140 | D        | Found a burning altar of Makhleb.
   141 | D        | Found a deep blue altar of Sif Muna.
   142 | D        | Found a bloodstained altar of Trog.
   143 | D        | Found a sparkling altar of Nemelex Xobeh.
   144 | D        | Found a white marble altar of Elyvilon.
   145 | D        | Found a roughly hewn altar of Beogh.
   146 | D        | Found a viscous altar of Jiyva.
   147 | D        | Found a corrupted altar of Lugonu.
   148 | D        | Found a blossoming altar of Fedhas.
   149 | D        | Found a snail-covered altar of Cheibriados.
   150 | D        | Found a shadowy altar of Dithmenos.
   151 | D        | Found a stormy altar of Qazlal.
   152 | D        | Found an opulent altar of Gozag.
   252 | D        | Noticed a giant frog
   252 | D        | Noticed a crimson imp
   252 | D        | Noticed a phantom
   259 | D        | Reached XP level 5. HP: 55/67 MP: 5/5
   267 | D        | Killed a crimson imp
   267 | D        | Reached skill level 5 in Dodging
   270 | D        | Received a gift from Trog
   276 | D        | Killed a giant frog
   287 | D        | Killed a phantom
   287 | D        | Reached XP level 6. HP: 12/76 MP: 6/6
   591 | D        | Noticed a hound
   591 | D        | Noticed a centaur warrior
   591 | D        | Noticed a tengu warrior
   591 | D        | Noticed an eight-headed hydra
   591 | D        | Noticed a hippogriff
   595 | D        | Killed a hippogriff
   595 | D        | Reached skill level 10 in Maces & Flails
   604 | D        | Slain by an eight-headed hydra

Action                   |  1- 3 |  4- 6 || total
-------------------------+-------+-------++-------
Melee: Mace              |    28 |    36 ||    64
Invok: Berserk           |     1 |     2 ||     3
       Brothers in Arms  |       |     2 ||     2
